Map: Thunderbird LE

Players

PatchTerran

  • Race: Terran Terran
  • League: Master
  • Spawn Location: 11:00

BlackHound - Winner!

  • Race: Zerg Zerg
  • League: Diamond
  • Spawn Location: 5:00

VOD

Have the link to the VOD?

Description

Time

  • Played on: June 8, 2019, 6:09 a.m.
  • Length: 14:17
Show
View Real Time Build Order
Export as new Build Order

PatchTerran Terran 

Build Orders: Reaper Expand, Mech 

Get SALT Encoding   

  12  0:00  SCV  
  13  0:12  SCV  
  14  0:17  Supply Depot  
  14  0:25  SCV  
  15  0:38  SCV  
  15  0:39  Barracks  
  16  0:44  Refinery  
  16  0:50  SCV  
  17  1:02  SCV  
  18  1:14  SCV  
  19  1:27  Orbital Command  
  19  1:28  Reaper  
  20  1:43  Command Center  
  20  1:53  SCV  
  21  1:59  Marine  
  22  2:05  SCV  
  23  2:10  Supply Depot  
  23  2:14  Factory  
  23  2:17  SCV  
  23  2:29  Refinery  
  23  2:32  Marine, SCV  
  25  2:44  SCV  
  26  2:56  SCV  
  27  3:01  Marine  
  27  3:02  Hellion  
  30  3:08  SCV  
  30  3:16  Starport  
  30  3:20  SCV  
  30  3:24  Factory Reactor  
  31  3:30  Barracks Tech Lab, Orbital Command  
  31  3:32  Bunker  
  31  3:33  SCV  
  32  3:45  SCV  
  33  3:52  Marauder  
  33  3:57  Starport Tech Lab, SCV  
  33  4:02  Command Center  
  34  4:09  SCV  
  34  4:15  Orbital Command  
  34  4:21  SCV  
  31  4:33  SCV  
  31  4:37  Banshee, Cloaking Field  
  35  4:41  Factory, Hellion x2  
  35  4:43  SCV  
  35  4:45  SCV  
  41  4:52  Supply Depot  
  41  4:54  Barracks Tech Lab  
  41  4:55  SCV  
  41  4:57  SCV  
  43  5:06  Hellion  
  45  5:08  SCV  
  45  5:12  Refinery  
  45  5:14  SCV  
  47  5:15  Supply Depot  
  47  5:16  Refinery  
  47  5:18  Orbital Command  
  47  5:20  SCV  
  48  5:26  SCV  
  49  5:29  Barracks Tech Lab  
  49  5:32  SCV  
  49  5:33  Armory  
  50  5:36  Orbital Command  
  50  5:38  SCV  
  51  5:44  SCV  
  51  5:45  Factory  
  52  5:50  SCV, Engineering Bay  
  52  5:53  Supply Depot  
  52  5:55  Supply Depot  
  52  5:56  Siege Tank, SCV  
  59  5:57  Hellion  
  59  6:02  SCV  
  60  6:07  SCV  
  60  6:08  SCV  
  62  6:14  SCV  
  63  6:20  SCV x2  
  63  6:24  Hellion x2  
  66  6:26  SCV  
  66  6:28  Siege Tank  
  66  6:32  Factory Tech Lab  
  66  6:35  Terran Vehicle Weapons Level 1  
  66  6:38  SCV x3  
  69  6:43  Starport Reactor  
  69  6:50  SCV x3  
  69  6:53  Supply Depot  
  72  6:57  Hellion x2  
  72  7:00  Refinery  
  79  7:01  Refinery  
  79  7:02  SCV x2  
  79  7:03  SCV  
  79  7:04  Missile Turret  
  79  7:06  Missile Turret  
  79  7:07  Thor  
  87  7:09  Thor  
  87  7:14  SCV x2  
  87  7:15  SCV  
  83  7:16  Missile Turret  
  83  7:18  Widow Mine  
  83  7:27  SCV x3  
  85  7:39  SCV x2  
  85  7:42  SCV  
  88  7:50  Thor, Missile Turret  
  94  7:51  SCV x2  
  94  7:54  SCV  
  94  7:55  Missile Turret  
  96  8:02  Thor  
  96  8:03  SCV  
  101  8:07  SCV x2  
  100  8:15  SCV  
  100  8:18  Hellion x2  
  100  8:19  SCV x2  
  101  8:22  Supply Depot  
  101  8:23  Supply Depot  
  101  8:26  Factory  
  101  8:30  SCV  
  101  8:31  SCV x2  
  98  8:40  Supply Depot  
  98  8:41  Supply Depot  
  98  8:42  SCV  
  98  8:43  SCV x2, Thor  
  98  8:45  Siege Tank  
  104  8:50  Missile Turret  
  104  8:53  Terran Vehicle Weapons Level 2  
  104  8:55  SCV  
  105  8:56  SCV x2  
  105  8:59  Hellion x2  
  105  9:02  Supply Depot  
  111  9:03  Supply Depot, Viking x2  
  111  9:07  SCV  
  116  9:17  Siege Tank  
  116  9:18  SCV x2  
  116  9:19  SCV  
  116  9:20  Supply Depot  
  116  9:21  Hellion, Infernal Pre-Igniter  
  116  9:23  Hellion x2  
  128  9:24  Command Center  
  128  9:27  Hellion  
  128  9:29  Armory  
  130  9:34  Supply Depot  
  130  9:40  Viking x2  
  130  9:44  Siege Tank  
  135  9:45  Missile Turret  
  135  9:47  Missile Turret  
  135  9:48  Hellion x3  
  141  9:57  Supply Depot  
  141  9:59  Supply Depot  
  141  10:01  Hi-Sec Auto Tracking  
  141  10:05  Siege Tank  
  144  10:10  Factory  
  144  10:15  Refinery  
  144  10:21  Siege Tank, Hellion  
  147  10:22  Hellion x2  
  147  10:25  Viking x2  
  157  10:31  Terran Ship Weapons Level 1  
  155  10:48  Thor  
  155  10:49  Hellion x2  
  163  10:54  Thor  
  169  11:01  Factory Tech Lab  
  169  11:09  Planetary Fortress  
  169  11:11  Missile Turret  
  169  11:15  Missile Turret  
  169  11:17  Missile Turret  
  169  11:18  Missile Turret  
  169  11:20  Hellion x2, Thor  
  169  11:21  Missile Turret  
  179  11:29  Refinery  
  179  11:38  Siege Tank  
  179  11:39  Hellion x2  
  172  11:44  Hellion x2  
  172  11:46  Viking x2  
  136  12:00  Siege Tank, Hellion  
  127  12:04  Hellion  
  127  12:05  Hellion x2  
  127  12:06  Supply Depot  
  133  12:10  Hellion  
  135  12:16  Viking x2  
  135  12:21  Hellion  
  141  12:23  Terran Vehicle And Ship Armor Level 1  
  141  12:25  Starport, Hellion  
  141  12:27  Starport, Hellion x2  
  143  12:31  Siege Tank  
  136  12:46  Viking x2  
  140  12:54  Sensor Tower  
  140  12:58  Hellion x4  
  146  12:59  Hellion  
  146  13:04  Hellion  
  146  13:05  Supply Depot  
  152  13:06  Supply Depot  
  152  13:07  Sensor Tower  
  134  13:16  Viking x2  
  134  13:19  Hellion  
  135  13:22  Hellion x2  
  135  13:23  Hellion x2  
  135  13:25  Hellion  
  140  13:41  Starport Tech Lab x2, Hellion  
  139  13:46  Hellion x4, Viking x2  
Show
View Real Time Build Order
Export as new Build Order

BlackHound Zerg - Winner!

Build Orders: Pool First, Muta Ling Bane, Swarm Host 

Get SALT Encoding   

  12  0:01  Drone  
  13  0:13  Overlord  
  13  0:18  Drone  
  14  0:31  Drone x2  
  14  0:35  Drone  
  17  0:45  Spawning Pool  
  17  0:48  Drone  
  17  1:10  Hatchery  
  16  1:14  Drone  
  17  1:28  Extractor  
  17  1:32  Zergling x6  
  19  1:34  Queen  
  21  1:45  Overlord  
  21  1:56  Drone  
  22  2:11  Queen, Roach Warren  
  23  2:22  Drone  
  24  2:23  Drone x2  
  26  2:30  Queen  
  28  2:40  Drone  
  28  2:41  Drone  
  30  2:52  Roach x2  
  30  2:53  Roach  
  33  3:03  Overlord  
  33  3:06  Drone  
  34  3:16  Drone x2  
  36  3:21  Overlord  
  36  3:22  Drone  
  36  3:23  Drone  
  36  3:26  Drone  
  36  3:27  Drone  
  40  3:30  Drone  
  41  3:35  Drone x2  
  43  3:42  Lair  
  43  3:50  Drone x3  
  46  3:57  Drone x3  
  46  3:59  Drone, Extractor  
  46  4:00  Extractor  
  48  4:13  Drone x4  
  52  4:18  Overlord  
  48  4:37  Overlord  
  46  4:40  Extractor  
  46  4:42  Spire, Zergling x12  
  50  4:48  Overseer  
  50  4:50  Overlord  
  50  4:54  Overlord  
  50  4:55  Overlord  
  50  5:07  Metabolic Boost  
  50  5:09  Drone  
  50  5:10  Drone x2  
  50  5:11  Hatchery  
  50  5:12  Drone x3  
  50  5:13  Drone  
  56  5:14  Zergling x2  
  57  5:27  Spore Crawler  
  56  5:28  Overseer, Spore Crawler  
  55  5:36  Zergling x10  
  55  5:37  Zergling x2  
  61  5:51  Overlord x2  
  61  5:54  Mutalisk x3  
  61  5:56  Mutalisk  
  69  6:10  Mutalisk x3  
  75  6:17  Mutalisk  
  68  6:23  Drone x6  
  68  6:24  Drone  
  70  6:33  Drone x2  
  70  6:34  Drone x2  
  72  6:41  Pneumatized Carapace  
  72  6:43  Drone x2  
  72  6:45  Overlord  
  74  6:47  Baneling Nest  
  72  6:55  Drone  
  72  6:56  Drone x5  
  72  7:00  Overlord  
  78  7:01  Overseer  
  78  7:25  Mutalisk x3  
  78  7:26  Mutalisk x2  
  83  7:30  Roach x3  
  83  7:31  Drone  
  83  7:32  Drone x4  
  83  7:34  Extractor  
  83  7:35  Extractor  
  92  7:37  Queen  
  94  7:48  Zergling x8  
  94  7:49  Zergling x8  
  102  7:52  Evolution Chamber  
  102  7:55  Evolution Chamber  
  100  8:11  Zergling x26  
  113  8:18  Zerg Melee Weapons Level 1  
  113  8:21  Drone  
  113  8:22  Infestation Pit  
  113  8:31  Drone x3  
  116  8:45  Mutalisk  
  116  8:46  Mutalisk x3  
  116  8:48  Overlord x4  
  122  8:51  Zerg Ground Armor Level 1  
  122  8:52  Centrifical Hooks  
  122  8:54  Baneling  
  122  8:55  Baneling x3  
  122  9:01  Overseer  
  122  9:05  Overlord x2  
  122  9:18  Hive  
  122  9:26  Swarm Host x4, Drone  
  135  9:34  Zergling x12  
  135  9:35  Hatchery, Zergling x4  
  142  10:06  Overlord x2  
  142  10:13  Swarm Host  
  142  10:14  Swarm Host x7, Roach  
  145  10:17  Overlord x3  
  145  10:20  Zergling x4  
  170  10:27  Zerg Melee Weapons Level 2  
  170  10:30  Greater Spire  
  170  10:58  Swarm Host x5  
  170  10:59  Swarm Host x2  
  170  11:02  Baneling  
  170  11:03  Baneling x3  
  191  11:04  Drone  
  191  11:05  Drone x8  
  198  11:14  Hatchery  
  198  11:17  Corruptor x2  
  175  11:21  Corruptor  
  175  11:23  Extractor  
  176  11:28  Extractor  
  174  11:37  Corruptor x2  
  161  11:50  Zergling x6  
  161  11:51  Zergling x38  
  169  12:08  Zergling x12  
  171  12:14  Queen  
  176  12:23  Corruptor x5  
  182  12:31  Drone  
  182  12:38  Corruptor  
  182  12:39  Corruptor x4  
  192  13:11  Brood Lord x3  
  193  13:20  Roach x2  
  195  13:30  Brood Lord  
  195  13:40  Drone x2  
  195  13:41  Drone x5  
  197  13:44  Overlord  
  197  13:45  Overlord  
Tags
 
Add a new tag
Caveats
  • Supply blocks, unpowered buildings, or Contaminate may cause inaccurate times.
  • Supply counts are checked every 10 seconds.